 Dungeon Crawl Stone Soup version 0.30-a0-218-gedb9141078 (webtiles) character file.

Game seed: 4886565513035635150

990 porpoise the Slicer (level 8, 0/37 (48) HPs)
             Began as a Kobold Enchanter on Oct 6, 2022.
             Slain by a wight
             ... wielding a +0 flail of draining
              (11 damage)
             ... on level 5 of the Dungeon.
             The game lasted 00:25:12 (5103 turns).

porpoise the Slicer (Kobold Enchanter)              Turns: 5103, Time: 00:25:12

HP:   0/37 (48)     AC:  7    Str:  5    XL:     8   Next: 41%
MP:   12/12         EV: 14    Int: 16    God:
Gold: 97            SH:  0    Dex: 18    Spells: 11/13 levels left

rFire   + . .      SeeInvis .    w - +3 dagger (freeze)
rCold   + . .      Faith    .    (no shield)
rNeg    . . .      Spirit   .    L - +0 leather armour {Will+}
rPois   .          Reflect  .    O - +0 helmet
rElec   .          Harm     .    f - scarf {repulsion}
rCorr   .          Rampage  .    I - +2 pair of gloves
Will    +....                    (no boots)
Stlth   +++++.....               (no amulet)
HPRegen 0.26/turn                e - ring of protection from cold
MPRegen 0.13/turn                u - ring of protection from fire

@: heavily drained, repel missiles
A: small, no large weapons, nightstalker 3
a: no special abilities


You were on level 5 of the Dungeon.
You visited 1 branch of the dungeon, and saw 5 of its levels.
You also visited: Ossuary.

You collected 514 gold pieces.
You spent 417 gold pieces at shops.

Inventory:

Hand Weapons
 a - a +1 short sword of draining
 b - a +3 shortbow
 w - a +3 dagger of freezing (weapon)
 H - a +0 long sword
Missiles
 k - 4 boomerangs
 n - 9 poisoned darts (quivered)
Armour
 f - a scarf of repulsion (worn)
 h - a +3 leather armour
 I - a +2 pair of gloves (worn)
 L - a +0 leather armour of willpower (worn)
 O - a +0 helmet (worn)
Magical Staves
 D - a staff of poison
Jewellery
 d - a +6 ring of strength
 e - a ring of protection from cold (left hand)
 u - a ring of protection from fire (right hand)
 v - an amulet of faith
Wands
 E - a wand of light (7)
 K - a wand of polymorph (9)
Scrolls
 i - a scroll of noise {unknown}
 m - a scroll of poison {unknown}
 o - a scroll of enchant weapon
 p - a scroll of amnesia
 q - a scroll of teleportation
 y - a scroll of blinking {unknown}
 F - a scroll of magic mapping {unknown}
 M - a scroll of acquirement {unknown}
Potions
 c - a potion of invisibility
 g - a potion of ambrosia
 j - a potion of lignification {unknown}
 r - 2 potions of flight
 s - 2 potions of curing
 t - 3 potions of mutation
 x - 2 potions of heal wounds {unknown}
 z - a potion of brilliance {unknown}
 A - a potion of attraction {unknown}
 B - 3 potions of haste
 C - a potion of degeneration {unknown}
 J - a potion of might {unknown}
 N - a potion of resistance {unknown}


   Skills:
 + Level 4.0 Fighting
 * Level 8.7 Short Blades
 - Level 2.4 Dodging
 + Level 7.7 Stealth
 - Level 3.0 Spellcasting
 - Level 3.0 Hexes


You had 11 spell levels left.
You knew the following spells:

 Your Spells              Type           Power      Damage    Failure   Level
a - Ensorcelled Hibernat  Hex/Ice        14%        N/A       26%         2

Your spell library contained the following spells:

 Spells                   Type           Power      Damage    Failure   Level
 Confusing Touch          Hex            12%        N/A       26%         3
 Tukima's Dance           Hex            12%        N/A       26%         3
 Dazzling Flash           Conj/Hex       14%        N/A       45%         3
 Animate Dead             Necr           2%         N/A       97%         4
 Borgnjor's Vile Clutch   Necr/Erth      1%         N/A       100%        5
 Death Channel            Necr           1%         N/A       100%        6


Dungeon Overview and Level Annotations

Branches:
Dungeon (5/15)            Ossuary (visited)
 Temple: D:4-7

Altars:

Shops:
D:2 =   D:3 :([   D:5 :

Annotations:
D:3 3 runed translucent doors


Innate Abilities, Weirdness & Mutations

You are small and have problems with some larger weapons.
You are completely attuned to the shadows.


Message History

You hit the wight.
The wight is heavily damaged.
The wight barely misses you.
You slash the wight!
The wight is almost destroyed.
The wight hits you with a +3 dagger of freezing.
You feel drained. The wight freezes you.
The wight hits you with a +3 dagger of freezing.
You slash the wight!
You destroy the wight!
Your Fighting skill increases to level 4!
You start resting.
HP restored.
Things that are here:
a +3 dagger of freezing; a +0 robe
H - a +3 dagger of freezing You drop a +2 dagger.
Adjust to which letter? (? for menu, Esc to quit)
w - a +3 dagger of freezing;
H - a +0 long sword (weapon)
You drop a +0 sling.
You now have 97 gold pieces (gained 16).
Things that are here:
a +0 sling; a +2 dagger; a +0 robe You see here a +0 club.
You sense an unholy aura.
a - a +1 short sword of draining (weapon)
The wight hits you with a +0 flail of draining!
You feel drained.
b - a +3 shortbow (weapon)
The wight hits you with a +0 flail of draining!
You feel drained.
You shoot an arrow. The arrow hits the wight.
The wight is lightly damaged.
The wight hits you with a +0 flail of draining!
You feel drained.
* * * LOW HITPOINT WARNING * * *
Your +3 dagger of freezing glows with a cold blue light!
w - a +3 dagger of freezing (weapon)
The wight hits you with a +0 flail of draining!
You die...

##.[.....))..##..## ##..#......
##[..####.#.#..### #..####.##
###.# #........# ####..# #.#
####.####.....##.# #.....# #.#
#......)..###..#.###.##.## #.#
#.##.###### ##.....#.#..# #.#
##.##.## ##......#.## #.#
.......# ##..#..#.# #)##
#......### ##@.....#.######...
#####....######z.###...........##
##.......##.## #.....#.∩)#### #
##...##.#..# #....##...# ##
#.#.##.#.## #....##.#.# .#
#....#...### ####..#.... .##
##.........######...###.### ).#
##.......#......#.#........
#.#####..#.###..#####.........###


You could see a wight.

Vanquished Creatures
  A centaur (D:4)
  A phantom (D:4)
  A kobold brigand (D:4)
  A scorpion (D:4)
  A necrophage (D:5)
  2 wights (D:5)
  A hound (D:5)
  2 orc priests
  Jessica (D:3)
  2 iguanas (D:5)
  4 orc wizards
  8 mummies (Ossuary)
  5 adders (D:3)
  An ufetubus (D:3)
  A worm (D:4)
  4 dart slugs (D:1)
  16 orcs
  3 bats
  12 endoplasms
  5 giant cockroaches
  4 gnoll zombies (Ossuary)
  6 goblins
  4 hobgoblins
  3 jackals (D:1)
  2 quokkas
  7 ball pythons
  4 frilled lizards
  2 hobgoblin zombies (Ossuary)
  5 kobolds
  2 kobold zombies (Ossuary)
  A rat (D:1)
112 creatures vanquished.

Notes
Turn   | Place    | Note
-------+----------+-------------------------------------------
     0 | D:1      | porpoise the Kobold Enchanter began the quest for the Orb.
     0 | D:1      | Reached XP level 1. HP: 10/10 MP: 3/3
    87 | D:1      | Reached skill level 2 in Short Blades
    87 | D:1      | Reached XP level 2. HP: 16/16 MP: 5/5
   128 | D:1      | Learned a level 2 spell: Ensorcelled Hibernation
   150 | D:1      | Reached skill level 1 in Fighting
   160 | D:1      | Found a faded altar of an unknown god.
   388 | D:1      | Reached XP level 3. HP: 20/20 MP: 6/6
   501 | D:1      | Reached skill level 3 in Short Blades
  1375 | D:2      | Found Vusal's Jewellery Shoppe.
  1554 | D:3      | Reached XP level 4. HP: 25/25 MP: 7/7
  1774 | D:3      | Found Ygefagiz's Book Shoppe.
  1818 | D:3      | Noticed Jessica
  1822 | D:3      | Killed Jessica
  1823 | D:3      | Reached skill level 4 in Short Blades
  1823 | D:3      | Reached skill level 5 in Stealth
  1823 | D:3      | Reached XP level 5. HP: 30/30 MP: 8/8
  1837 | D:3      | Found Coat's Antique Weapon Shop.
  2196 | D:3      | Reached skill level 5 in Short Blades
  2198 | D:3      | Found Meosso's Armour Emporium.
  2221 | D:3      | Found a runed translucent gate.
  2222 | D:3      | Found a runed translucent gate.
  2223 | D:3      | Found a runed translucent gate.
  2375 | D:4      | Reached XP level 6. HP: 36/36 MP: 9/9
  2433 | D:4      | Found a sand-covered staircase.
  2438 | Ossuary  | Entered an ossuary
  2612 | Ossuary  | Reached skill level 6 in Short Blades
  2903 | D:3      | Bought a glowing short sword for 186 gold pieces
  3113 | D:4      | Reached XP level 7. HP: 41/41 MP: 10/10
  3247 | D:4      | Reached skill level 7 in Short Blades
  3676 | D:3      | Bought a +2 pair of gloves for 231 gold pieces
  4032 | D:5      | Entered Level 5 of the Dungeon
  4099 | D:5      | Found Vaemn's Book Shoppe.
  4117 | D:5      | Reached XP level 8. HP: 46/46 MP: 12/12
  4337 | D:5      | Reached skill level 8 in Short Blades
  5103 | D:5      | Slain by a wight

Illustrated notes

Levels and vault maps discovered:
D:1:      amcnicky_arrival_feature_with_door, layout_rooms,
          ebering_ecumenical_altar_box
D:2:      layout_rooms, serial_shops, shop, serial_curves, eino_curves_01,
          eino_curves_03
D:3:      layout_rooms, gammafunk_ghost_cemetery, serial_shops,
          nicolae_shop_trees, shop, nicolae_diamond_shop, serial_park_tiny_pond,
          dk_noncrumbling_3, uniq_jessica
D:4:      layout_loops_ring, enter_ossuary_5, st_stairs_13
D:5:      layout_rooms, serial_shops, nicolae_shop_stone

Skill      XL: |  1  2  3  4  5  6  7  8 |
---------------+-------------------------+-----
Short Blades   | 2 3 4 5 6 7 8 |  8.7
Fighting       | 1 2 3 4 |  4.0
Stealth        | 5 6 7 |  7.7
Spellcasting   | 3 |  3.0
Dodging        | |  2.4
Hexes          | |  3.0

Action                   |  1- 3 |  4- 6 |  7- 9 || total
-------------------------+-------+-------+-------++-------
Melee: Dagger            |   105 |   123 |       ||   228
       Punch             |     1 |       |     1 ||     2
       Flail             |       |    12 |       ||    12
       Short sword       |       |    10 |   121 ||   131
       Long sword        |       |       |    19 ||    19
 Fire: Sling             |       |    11 |       ||    11
       Shortbow          |       |       |     4 ||     4
Throw: Dart              |       |       |     4 ||     4
 Cast: Ensorcelled Hiber |       |     8 |     5 ||    13
Evoke: Wand              |       |       |     2 ||     2
  Use: Potion            |       |     1 |     1 ||     2
       Scroll            |       |       |     6 ||     6
 Stab: Sleeping          |    17 |    24 |     5 ||    46
       Invisible         |       |     8 |     1 ||     9
       Distracted        |       |       |     4 ||     4
Armor: Robe              |     4 |     4 |    10 ||    18
       Leather armour    |       |       |     6 ||     6
Dodge: Dodged            |    53 |    94 |    79 ||   226
       Repelled          |     1 |       |       ||     1

Table legend: (Time is in decaauts)
 A = Elapsed time spent in this place.
 B = Non-inter-level travel time spent in this place.
 C = Inter-level travel time spent in this place.
 D = Time resting spent in this place.
 E = Time spent auto-exploring this place.
 F = Levels seen in this place.
 G = Mean time per level.
                   A        B        C        D        E       F      G
               +--------+--------+--------+--------+--------+-----+--------+
         Total |   5011 |   4760 |    251 |   1154 |   2346 |   6 |  835.2 |
       Dungeon |   4591 |   4340 |    251 |   1029 |   2346 |   5 |  918.2 |
       Ossuary |    420 |    420 |      0 |    125 |      0 |   1 |  420.0 |
               +--------+--------+--------+--------+--------+-----+--------+

Top non-repeatable levels by time:
     D:4: 1090 daAuts
     D:5: 1046 daAuts
     D:3: 939 daAuts
     D:1: 865 daAuts
     D:2: 648 daAuts
 Ossuary: 420 daAuts
